 Dungeon Crawl Stone Soup version 0.30-a0-553-g7fabdf1491 (webtiles) character file.

Game seed: 9543416714332300534

181 Zonian the Chiller (level 5, -3/24 HPs)
             Began as a Vine Stalker Ice Elementalist on Dec 27, 2022.
             Slain by Pikel
             ... wielding a +0 whip of freezing
              (6 damage)
             ... on level 4 of the Dungeon.
             The game lasted 00:03:31 (2020 turns).

Zonian the Chiller (Vine Stalker Ice Elementalist)  Turns: 2020, Time: 00:03:32

Health: -3/24      AC:  2    Str: 16    XL:     5   Next: 61%
Magic:  0/11       EV: 13    Int: 17    God:
Gold:   137        SH:  0    Dex: 21    Spells: 6/10 levels left

rFire   x . .      SeeInvis .    n - +9 sling of the Unspeakable One {drain, rF- Dex+6}
rCold   . . .      Faith    .    (no shield)
rNeg    . . .      Spirit   +    a - +0 robe
rPois   .          Reflect  .    (no helmet)
rElec   .          Harm     .    (no cloak)
rCorr   .          Rampage  .    (no gloves)
Will    .....                    (no boots)
Stlth   +++                      (no amulet)
HPRegen 1.04/turn                h - +6 ring of strength
MPRegen 0.12/turn                j - +4 ring of slaying

@: no status effects
A: fangs 2, regeneration 1, magic shield, antimagic bite, no potion heal 2
a: no special abilities


You were on level 4 of the Dungeon.
You visited 1 branch of the dungeon, and saw 4 of its levels.

You collected 137 gold pieces.

Inventory:

Hand Weapons
 c - a +0 dagger
 n - the +9 sling of the Unspeakable One (weapon) {drain, rF- Dex+6}
   (You found it on level 2 of the Dungeon)

   A truly terrible weapon, it drains the life of any living foe it strikes.
   Dex:       It affects your dexterity (+6).
   rF:        It makes you vulnerable to fire.
Missiles
 p - 4 boomerangs
Armour
 a - a +0 robe (worn)
Jewellery
 h - a +6 ring of strength (left hand)
 j - a +4 ring of slaying (right hand)
 k - a ring of protection from fire
Scrolls
 d - a scroll of brand weapon {unknown}
 e - a scroll of magic mapping {unknown}
 f - 2 scrolls of teleportation {unknown}
 g - 4 scrolls of identify {unknown}
 i - 2 scrolls of poison {unknown}
 l - a scroll of silence {unknown}
 q - 2 scrolls of fear {unknown}
 r - a scroll of blinking {unknown}
Potions
 b - 3 potions of magic
 m - a potion of might {unknown}
 o - a potion of heal wounds {unknown}


   Skills:
 + Level 2.6 Dodging
 + Level 4.2 Stealth
 + Level 3.4 Spellcasting
 + Level 4.7 Ice Magic


You had 6 spell levels left.
You knew the following spells:

 Your Spells              Type           Power      Damage    Failure   Level
a - Freeze                Ice            76%        1d8       2%          1
b - Frozen Ramparts       Ice            38%        1d6       7%          3

Your spell library contained the following spells:

 Spells                   Type           Power      Damage    Failure   Level
 Ozocubu's Armour         Ice            19%        N/A       7%          3
 Static Discharge         Conj/Air       4%         2-3/arc   26%         2
 Vhi's Electric Charge    Tloc/Air       4%         N/A       45%         3
 Summon Ice Beast         Ice/Summ       11%        N/A       52%         4
 Arcjolt                  Conj/Air       1%         1d11      99%         5
 Lightning Bolt           Conj/Air       1%         1d12      99%         5


Dungeon Overview and Level Annotations

Branches:
Dungeon (4/15)
 Temple: D:4-7

Altars:

Shops:
D:3 (

Annotations:
D:4 Pikel


Innate Abilities, Weirdness & Mutations

You have extremely sharp teeth.
Your natural rate of healing is unusually fast.
When hurt, damage is shared between your health and your magic reserves.
Your bite disrupts and absorbs the magic of your enemies.
Potions cannot restore your health.


Message History

The sling bullet closely misses Pikel.
The sling bullet barely misses the lemure.
The lemure hits you!
Pikel says, "You'll feel the lick of my whip!"
You shoot a sling bullet. The sling bullet hits the lemure!
The lemure is moderately wounded.
The lemure closely misses you.
Unknown command.
Fire: n) +9 sling of the Unspeakable One {drain, rF- Dex+6}
Press: ? - help, Q - select action, (/) - cycle Shift-Dir - straight line, f/p - lemure
Aim: a lemure (moderately wounded, 67% to hit)
You shoot a sling bullet. The sling bullet closely misses Pikel.
The sling bullet hits the lemure.
The lemure is heavily wounded.
Unknown command.
Fire: n) +9 sling of the Unspeakable One {drain, rF- Dex+6}
Press: ? - help, Q - select action, (/) - cycle Shift-Dir - straight line, f - Pikel, p - lemure
Aim: Pikel, wielding a +0 whip of freezing and wearing a +2 robe of willpower (67% to hit)
You shoot a sling bullet.
The sling bullet hits Pikel but does no damage.
The lemure hits you.
Pikel hits you with a +0 whip of freezing!
Pikel freezes you.
Unknown command.
Fire: n) +9 sling of the Unspeakable One {drain, rF- Dex+6}
Press: ? - help, Q - select action, (/) - cycle Shift-Dir - straight line, f/p - Pikel
Aim: Pikel, wielding a +0 whip of freezing and wearing a +2 robe of willpower (67% to hit)
You shoot a sling bullet. The sling bullet barely misses Pikel.
The sling bullet hits the lemure!
The lemure is moderately wounded.
The lemure hits you.
Pikel hits you with a +0 whip of freezing.
Pikel freezes you. The lemure hits you.
A jelly comes into view.
The lemure misses you. The lemure hits you.
* * * LOW HITPOINT WARNING * * *
The lemure hits you.
* * * LOW HITPOINT WARNING * * *
Pikel hits you with a +0 whip of freezing.
You die...

##....###.##
#.##)#
##.....###.#
#.##.#
##.......##.##
#.##.#
#....†.......#
#....#
..........#..#
#..#.#
#....>....#..#
#...#.
#......)##..#
#..#
##......###..#
#.....5@.....#
......5K5###.#
#...###.... ..
##.# #..### #.
#..# #..J ....
#..##


You could see Pikel, 3 lemures and a jelly.

Vanquished Creatures
  A lemure (D:4)
  A scorpion (D:4)
  A hound (D:3)
  3 adders
  A worm (D:3)
  3 dart slugs
  An orc (D:3)
  7 endoplasms
  2 giant cockroaches
  5 goblins
  7 hobgoblins
  A quokka (D:1)
  4 ball pythons
  6 bats
  2 frilled lizards
  6 kobolds
  6 rats
57 creatures vanquished.

Vanquished Creatures (others)
  2 fungi (D:2)
  7 plants (D:2)
9 creatures vanquished.

Grand Total: 66 creatures vanquished

Notes
Turn   | Place    | Note
-------+----------+-------------------------------------------
     0 | D:1      | Zonian the Vine Stalker Ice Elementalist began the quest
                  | for the Orb.
     0 | D:1      | Reached XP level 1. HP: 9/9 MP: 4/4
   180 | D:1      | Reached XP level 2. HP: 8/13 MP: 3/6
   634 | D:2      | Reached XP level 3. HP: 14/16 MP: 5/7
   740 | D:2      | Found a faded altar of an unknown god.
   757 | D:2      | Identified the +9 sling of the Unspeakable One {drain, rF-
                  | Dex+6}
  1229 | D:2      | Gained mutation: Your natural rate of healing is unusually
                  | fast. [Vine Stalker growth]
  1229 | D:2      | Reached XP level 4. HP: 21/21 MP: 9/9
  1580 | D:3      | Found Faledig's Weapon Shoppe.
  1665 | D:3      | Learned a level 3 spell: Frozen Ramparts
  1758 | D:3      | Reached XP level 5. HP: 24/24 MP: 10/10
  2010 | D:4      | Noticed a lemure
  2010 | D:4      | Noticed a lemure
  2013 | D:4      | Noticed Pikel
  2014 | D:4      | Noticed a lemure
  2015 | D:4      | Killed a lemure
  2015 | D:4      | Noticed a lemure
  2020 | D:4      | Slain by Pikel

Illustrated notes

Levels and vault maps discovered:
D:1:      shiori_arrival_maze, layout_basic, minmay_pentomino_z2
D:2:      layout_basic, dreamdust_ecumenical_altar_grove
D:3:      layout_loops_cross, serial_shops, nicolae_shop_statue_plus
D:4:      layout_loops_ring, uniq_natasha, uniq_pikel

Skill      XL: |  1  2  3  4  5 |
---------------+----------------+-----
Dodging        | 2 |  2.6
Stealth        | 3 4 |  4.2
Spellcasting   | 3 |  3.4
Ice Magic      | |  4.7

Action                   |  1- 3 |  4- 6 || total
-------------------------+-------+-------++-------
Melee: Dagger            |    56 |       ||    56
       Bite              |    14 |       ||    14
       Unarmed           |     1 |       ||     1
       Punch             |     1 |       ||     1
 Fire: Sling             |    15 |    46 ||    61
 Cast: Freeze            |     5 |       ||     5
 Stab: Sleeping          |     5 |       ||     5
Armor: Robe              |    10 |     2 ||    12
Dodge: Dodged            |    35 |     9 ||    44

Table legend: (Time is in decaauts)
 A = Elapsed time spent in this place.
 B = Non-inter-level travel time spent in this place.
 C = Inter-level travel time spent in this place.
 D = Time resting spent in this place.
 E = Time spent auto-exploring this place.
 F = Levels seen in this place.
 G = Mean time per level.
                   A        B        C        D        E       F      G
               +--------+--------+--------+--------+--------+-----+--------+
         Total |   2041 |   1974 |     67 |     27 |   1578 |   4 |  510.2 |
       Dungeon |   2041 |   1974 |     67 |     27 |   1578 |   4 |  510.2 |
               +--------+--------+--------+--------+--------+-----+--------+

Top non-repeatable levels by time:
     D:2: 766 daAuts
     D:3: 677 daAuts
     D:1: 544 daAuts
     D:4: 52 daAuts
